 Dungeon Crawl Stone Soup version 0.29.1-12-g30fa7ad0bf (webtiles) character file.

Game seed: 7703593696670519604

40565 Revguard the Nimble (level 13, -2/103 HPs)
             Began as a Demonspawn Gladiator on Dec 22, 2022.
             Was a Believer of Uskayaw.
             Killed from afar by a frost giant (34 damage)
             ... with a bolt of cold
             ... on level 15 of the Dungeon on Jan 9, 2023.
             The game lasted 00:58:32 (20705 turns).

Revguard the Nimble (Demonspawn Gladiator)         Turns: 20705, Time: 00:58:32

Health: -2/103     AC: 27    Str: 19    XL:     13   Next: 75%
Magic:  18/21      EV: 13    Int:  9    God:    Uskayaw [**....]
Gold:   229        SH:  4    Dex: 18    Spells: 12/12 levels left

rFire   . . .      SeeInvis .   A - +9 great sword (vorpal)
rCold   . . .      Faith    .   (shield currently unavailable)
rNeg    . . .      Spirit   .   i - +4 chain mail
rPois   .          Reflect  .   (helmet unavailable)
rElec   .          Harm     .   j - +0 cloak
rCorr   +          Rampage  .   o - +0 pair of gloves
Will    .....                   t - +0 pair of boots
Stlth   ..........              (no amulet)
HPRegen 0.27/turn               s - +4 ring of protection
MPRegen 0.17/turn               f - ring of resist corrosion

@: no status effects
A: horns 3, rugged brown scales 1, demonic guardian 3, icemail 1, condensation
shield, strong 1, MP-powered wands
a: Renounce Religion, Stomp, Line Pass


You were on level 15 of the Dungeon.
You worshipped Uskayaw.
Uskayaw was aware of your devotion.
You visited 2 branches of the dungeon, and saw 16 of its levels.

You collected 1110 gold pieces.
You spent 881 gold pieces at shops.

Inventory:

Hand Weapons
 A - a +9 vorpal great sword (weapon)
 E - a +4 scimitar of flaming
Missiles
 d - a throwing net (quivered)
Armour
 i - a +4 chain mail (worn)
 j - a +0 cloak (worn)
 o - a +0 pair of gloves (worn)
 t - a +0 pair of boots (worn)
Jewellery
 b - a ring of poison resistance
 c - a +4 ring of protection
 f - a ring of resist corrosion (right hand)
 s - a +4 ring of protection (left hand)
 C - a ring of willpower
 K - a ring of protection from cold
Wands
 y - a wand of paralysis (24)
 D - a wand of quicksilver (11)
Scrolls
 a - a scroll of vulnerability
 g - a scroll of teleportation
 l - 7 scrolls of amnesia
 n - 3 scrolls of enchant armour
 r - 4 scrolls of butterflies
 u - 4 scrolls of identify
 v - a scroll of magic mapping
 x - 3 scrolls of blinking
 F - a scroll of summoning
Potions
 e - a potion of heal wounds
 h - 4 potions of flight
 k - a potion of cancellation
 m - a potion of mutation
 p - 2 potions of might
 q - 4 potions of brilliance
 w - 2 potions of lignification
 z - 3 potions of resistance
 B - 8 potions of curing
 G - a potion of haste
 H - 2 potions of attraction
 I - a potion of berserk rage


   Skills:
 + Level 8.9 Fighting
 - Level 3.7(7.6) Short Blades
 * Level 10.3(10.6) Long Blades
 - Level 1.7 Throwing
 + Level 7.8 Armour
 * Level 11.6 Dodging
 - Level 4.0 Stealth
 + Level 11.1 Invocations
 + Level 8.5 Evocations


You had 12 spell levels left.
You didn't know any spells.
Your spell library contained the following spells:

 Spells                   Type           Power      Damage    Failure   Level
 Beastly Appendage        Tmut           0%         N/A       98%         1
 Foxfire                  Conj/Fire      0%         2x1d4     98%         1
 Ensorcelled Hibernation  Hex/Ice        0%         N/A       99%         2
 Passwall                 Tmut/Erth      0%         N/A       99%         2
 Sublimation of Blood     Necr           0%         N/A       99%         2
 Wereblood                Tmut           0%         N/A       99%         2
 Call Canine Familiar     Summ           0%         N/A       100%        3
 Conjure Flame            Conj/Fire      0%         6-21      100%        3
 Gell's Gravitas          Tloc           0%         N/A       100%        3
 Inner Flame              Hex/Fire       0%         N/A       100%        3
 Lesser Beckoning         Tloc           0%         N/A       100%        3
 Portal Projectile        Hex/Tloc       0%         N/A       100%        3
 Spider Form              Tmut/Pois      0%         N/A       100%        3
 Teleport Other           Tloc           0%         N/A       100%        3
 Anguish                  Hex/Necr       0%         N/A       100%        4
 Animate Dead             Necr           0%         N/A       100%        4
 Cause Fear               Hex            0%         N/A       100%        4
 Flame Wave               Conj/Fire      0%         2d4       100%        4
 Leda's Liquefaction      Hex/Erth       0%         N/A       100%        4
 Passage of Golubria      Tloc           0%         N/A       100%        4
 Petrify                  Tmut/Erth      0%         N/A       100%        4
 Alistair's Intoxication  Tmut/Pois      0%         N/A       100%        5
 Borgnjor's Vile Clutch   Necr/Erth      0%         N/A       100%        5
 Irradiate                Conj/Tmut      0%         3d11      100%        5
 Metabolic Englaciation   Hex/Ice        0%         N/A       100%        5
 Silence                  Hex/Air        0%         N/A       100%        5
 Summon Forest            Summ/Tloc      0%         N/A       100%        5
 Death Channel            Necr           0%         N/A       100%        6
 Eringya's Noxious Bog    Tmut/Pois      0%         N/A       100%        6
 Statue Form              Tmut/Erth      0%         N/A       100%        6
 Dragon Form              Tmut           0%         N/A       100%        7
 Summon Hydra             Summ           0%         N/A       100%        7
 Discord                  Hex            0%         N/A       100%        8
 Lehudib's Crystal Spear  Conj/Erth      0%         10d2      100%        8
 Dragon's Call            Summ           0%         N/A       100%        9


Dungeon Overview and Level Annotations

Branches:
Dungeon (15/15)            Temple (1/1) D:5            Lair (0/5) D:10
    Orc (0/2) D:11         Vaults (0/5) D:14         Depths (0/4) D:15

Altars:
Ashenzari
Cheibriados
Dithmenos
Gozag
Hepliaklqana
Kikubaaqudgha
Makhleb
Nemelex Xobeh
Qazlal
Ru
Sif Muna
Uskayaw
Vehumet
Wu Jian
Xom
Yredelemnul

Shops:
D:2 [(?=(   D:8 *   D:14 !

Portals:
Trove: D:12 (give 5 potions of resistance)


Innate Abilities, Weirdness & Mutations

You have a pair of large horns on your head.
You are partially covered in rugged brown scales. (AC +1, +3% HP)
A powerful demonic guardian rushes to your aid.
A meltable icy envelope protects you from harm. (AC +4)
A meltable shield of frost defends you. (SH +4)
Your muscles are strong. (Str +4, Int/Dex -1)
You expend magic power (3 MP) to strengthen your wands.


Message History

Found a staircase to the Depths.
The frost giant completely misses you.
There is an open door here.
You hit the frost giant but do no damage.
You headbutt the frost giant, but do no damage.
The frost giant hits you with a +1 battleaxe of freezing!
The frost giant freezes you.
You slash the frost giant! You headbutt the frost giant!
The frost giant is lightly wounded.
The frost giant gestures at you while chanting.
The bolt of cold misses you.
You slash the frost giant!
The frost giant is moderately wounded.
The frost giant hits you with a +1 battleaxe of freezing!
The frost giant freezes you.
You can now pass through a line of other dancers.
You slice the frost giant!!
You headbutt the frost giant, but do no damage.
The frost giant is severely wounded.
The frost giant hits you with a +1 battleaxe of freezing.
The frost giant freezes you.
The frost giant gestures at you while chanting.
The bolt of cold hits you!!
You barely miss the frost giant. You headbutt the frost giant!
The frost giant is severely wounded.
You block the frost giant's attack.
You hit the frost giant.
You headbutt the frost giant, but do no damage.
The frost giant is severely wounded.
The frost giant hits you with a +1 battleaxe of freezing!
The frost giant freezes you.
Aiming: Quicksilver Bolt
Press: ? - help, Shift-Dir - straight line, f - frost giant
Aim: a frost giant, wielding a +1 battleaxe of freezing (severely wounded, 98% to hit)
You feel a surge of power!
The bolt of dispelling energy hits the frost giant!!
The frost giant is almost dead.
The frost giant points at you and mumbles some strange words.
The bolt of cold hits you!!
You die...

..#.......#≈..#..≈#
..#..###..#.#.#.#.#
......###.#.≈.≈.≈.#
.....## ###.≈...≈.#
...#.# #.≈...≈.#
..#### #.##+##.#
....# #.#...#)#
...## # #.>.#.#
....## +..C@.#
.....## #######
#.....# ###..##
###.## ..### ..##
...# ...#


You could see a frost giant.

Vanquished Creatures
  Roxanne (D:15)
  2 fire dragons
  2 hydras
  A catoblepas (D:13)
  A boulder beetle (D:14)
  4 two-headed ogres
  5 centaur warriors
  A tengu warrior (D:15)
  2 skeletal warriors
  A deep troll (D:11)
  12 ugly things
  A manticore (D:12)
  5 cyclopes
  A gargoyle (D:12)
  An unseen horror (D:12)
  5 kobold demonologists
  6 komodo dragons
  2 tengu conjurers (D:13)
  2 efreet
  A freezing wraith (D:14)
  2 trolls
  8 hornets
  12 slime creatures (D:12)
  2 shadows
  4 wyverns
  2 yaks (D:12)
  A wraith (D:13)
  2 basilisks
  8 vampire mosquitoes
  3 acid dragons
  2 water moccasins (D:7)
  3 orc warriors
  An ice beast (D:5)
  2 sky beasts (D:7)
  3 black bears
  2 ogres
  11 centaurs
  2 gnoll sergeants
  3 bullfrogs
  5 kobold brigands
  4 scorpions
  3 wights (D:8)
  6 howler monkeys
  4 hounds
  2 gnoll boudas
  An orc priest (D:8)
  2 jellies
  5 orc wizards (D:8)
  An iguana (D:4)
  15 gnolls
  5 adders
  2 ufetubi (D:6)
  3 worms
  2 dart slugs (D:1)
  18 orcs
  5 endoplasms
  A giant cockroach (D:2)
  6 goblins
  6 hobgoblins
  4 jackals (D:3)
  18 kobolds
  5 quokkas
  3 ball pythons
  7 bats
  2 frilled lizards (D:1)
  A hobgoblin zombie (D:4)
  A kobold zombie (D:4)
  3 rats
269 creatures vanquished.

Vanquished Creatures (collateral kills)
  An ironbound preserver (D:14)
  Nessos (D:13)
  A death knight (D:12)
  2 centaur warriors (D:14)
  4 ugly things
  2 slime creatures (D:12)
  A wraith (D:13)
  A vampire mosquito (D:14)
  An orc warrior (D:7)
  A kobold brigand (D:5)
  2 wights (D:8)
  An iguana (D:5)
  A mummy (D:4)
  A gnoll (D:12)
  A kobold (D:5)
  A bat (D:1)
  A hobgoblin zombie (D:4)
  An orc zombie (D:4)
24 creatures vanquished.

Grand Total: 293 creatures vanquished

Notes
Turn   | Place    | Note
-------+----------+-------------------------------------------
     0 | D:1      | Revguard the Demonspawn Gladiator began the quest for the
                  | Orb.
     0 | D:1      | Reached XP level 1. HP: 16/16 MP: 1/1
   255 | D:1      | Gained mutation: A weak demonic guardian rushes to your
                  | aid. [demonic ancestry]
   255 | D:1      | Reached XP level 2. HP: 17/22 MP: 2/2
   406 | D:1      | Reached skill level 1 in Invocations
   807 | D:1      | Reached XP level 3. HP: 17/27 MP: 3/3
  1300 | D:2      | Found Ticluul's Jewellery Shop.
  1336 | D:2      | Found Cam Bidgh's Armour Shoppe.
  1726 | D:2      | Found Dupley's Antique Weapon Shoppe.
  1909 | D:2      | Found Kiagoq's Magic Scroll Shop.
  1917 | D:2      | Bought 3 scrolls of identify for 84 gold pieces
  2001 | D:2      | Found Edgheo's Antique Weapon Shop.
  2135 | D:3      | Reached skill level 1 in Stealth
  2139 | D:3      | Reached skill level 1 in Evocations
  2408 | D:3      | Gained mutation: A demonic guardian rushes to your aid.
                  | [demonic ancestry]
  2408 | D:3      | Reached XP level 4. HP: 34/34 MP: 5/5
  2682 | D:3      | Noticed a scorpion
  2705 | D:3      | Killed a scorpion
  2706 | D:3      | Reached skill level 1 in Armour
  2706 | D:3      | Gained mutation: You have a pair of small horns on your
                  | head. [demonic ancestry]
  2706 | D:3      | Reached XP level 5. HP: 21/39 MP: 6/6
  3186 | D:4      | Noticed an ogre
  3240 | D:4      | Killed an ogre
  3259 | D:4      | Reached XP level 6. HP: 46/46 MP: 7/7
  3992 | D:5      | Entered Level 5 of the Dungeon
  4007 | D:5      | Noticed an ice beast
  4021 | D:5      | Killed an ice beast
  4136 | D:5      | Gained mutation: You are partially covered in rugged brown
                  | scales. (AC +1, +3% HP) [demonic ancestry]
  4136 | D:5      | Reached XP level 7. HP: 34/53 MP: 9/9
  4145 | D:5      | Found a staircase to the Ecumenical Temple.
  4318 | Temple   | Entered the Ecumenical Temple
  4505 | D:5      | HP: 2/53 [iguana (11)]
  4808 | D:5      | Identified the +0 tower shield of Proximity {Rampage rF-
                  | Str+6}
  5212 | D:5      | Reached skill level 5 in Dodging
  5346 | D:5      | Identified the +5 quarterstaff of Equivalence {venom,
                  | Will++ Stlth+}
  5736 | D:6      | Reached XP level 8. HP: 50/61 MP: 11/11
  5879 | D:6      | Reached skill level 1 in Long Blades
  6197 | D:2      | Bought a runed great sword for 285 gold pieces
  6436 | D:7      | Found an opulent altar of Gozag.
  7263 | D:7      | Reached skill level 5 in Invocations
  7845 | D:8      | Noticed a hornet
  7848 | D:8      | Paralysed by a hornet for 1 turns
  7859 | D:8      | Killed a hornet
  7860 | D:8      | Gained mutation: You have a pair of horns on your head.
                  | [demonic ancestry]
  7860 | D:8      | Reached XP level 9. HP: 30/67 MP: 12/12
  8306 | D:8      | Found a burning altar of Makhleb.
  8401 | D:8      | Found an ornate altar of the Wu Jian Council.
  8423 | D:8      | Found a hide-covered altar of Uskayaw.
  8443 | D:8      | Became a worshipper of Uskayaw the Reveller
  8590 | D:8      | Noticed a troll
  8593 | D:8      | Reached * piety under Uskayaw
  8594 | D:8      | Reached ** piety under Uskayaw
  8595 | D:8      | Reached skill level 5 in Fighting
  8595 | D:8      | Reached *** piety under Uskayaw
  8596 | D:8      | Killed a troll
  9172 | D:8      | Found a snail-covered altar of Cheibriados.
  9472 | D:8      | Found Xaevoann's General Store.
  9652 | D:9      | Noticed a troll
  9657 | D:9      | Killed a troll
  9784 | D:9      | Noticed a two-headed ogre
  9791 | D:9      | Killed a two-headed ogre
  9792 | D:9      | Gained mutation: A meltable shield of frost defends you.
                  | (SH +4) [demonic ancestry]
  9792 | D:9      | Reached XP level 10. HP: 77/77 MP: 14/14
  9973 | D:9      | Reached skill level 5 in Evocations
 10087 | D:10     | Entered Level 10 of the Dungeon
 10117 | D:10     | Reached **** piety under Uskayaw
 10154 | D:10     | Reached skill level 5 in Long Blades
 10395 | D:10     | Identified the +5 dagger of Ragnarok {vorpal, Contam rPois
                  | rN+++ Int+2}
 10549 | D:10     | Reached ***** piety under Uskayaw
 10552 | D:10     | Reached skill level 5 in Armour
 10874 | D:10     | Found a staircase to the Lair.
 11220 | D:11     | Noticed a cyclops
 11228 | D:11     | Killed a cyclops
 11502 | D:11     | Found a staircase to the Orcish Mines.
 11588 | D:11     | Gained mutation: A meltable icy envelope protects you from
                  | harm. (AC +4) [demonic ancestry]
 11588 | D:11     | Reached XP level 11. HP: 72/84 MP: 16/16
 11965 | D:11     | Noticed a deep troll
 11970 | D:11     | Killed a deep troll
 12702 | D:12     | Noticed a two-headed ogre
 12707 | D:12     | Killed a two-headed ogre
 12790 | D:12     | Noticed a two-headed ogre
 12795 | D:12     | Killed a two-headed ogre
 12810 | D:12     | Noticed a five-headed hydra
 12818 | D:12     | Killed a seven-headed hydra
 13011 | D:12     | Noticed a death knight
 13011 | D:12     | Noticed a fire dragon
 13024 | D:12     | Killed a death knight
 13025 | D:12     | Noticed a skeletal warrior
 13377 | D:12     | Killed a skeletal warrior
 13484 | D:12     | Noticed a red ugly thing
 13820 | D:12     | Killed a fire dragon
 13821 | D:12     | Reached XP level 12. HP: 64/93 MP: 18/18
 14512 | D:12     | Found a portal to a secret trove of treasure.
 14717 | D:12     | Noticed a two-headed ogre
 14724 | D:12     | Killed a two-headed ogre
 14725 | D:12     | Reached skill level 10 in Dodging
 14891 | D:12     | Reached ****** piety under Uskayaw
 15577 | D:13     | Noticed Nessos
 15593 | D:13     | Killed Nessos
 16039 | D:13     | Noticed a seven-headed hydra
 16047 | D:13     | Killed an 11-headed hydra
 16289 | D:13     | Noticed a catoblepas
 16298 | D:13     | Killed a catoblepas
 16299 | D:13     | Reached skill level 10 in Invocations
 16544 | D:13     | Noticed a centaur warrior
 16559 | D:13     | Killed a centaur warrior
 17346 | D:14     | Noticed a boulder beetle
 17363 | D:14     | Killed a boulder beetle
 17633 | D:14     | Noticed a centaur warrior
 17757 | D:14     | Gained mutation: A powerful demonic guardian rushes to your
                  | aid. [demonic ancestry]
 17757 | D:14     | Reached XP level 13. HP: 69/100 MP: 20/20
 17878 | D:14     | Found a gate to the Vaults.
 17879 | D:14     | Noticed an ironbound preserver
 17889 | D:14     | HP: 4/100 [centaur warrior/arrow (3)]
 17901 | D:14     | Killed an ironbound preserver
 18493 | D:14     | Found Dianaot's Distillery.
 18498 | D:14     | Bought a potion of mutation for 128 gold pieces
 18498 | D:14     | Bought a potion of heal wounds for 80 gold pieces
 18498 | D:14     | Bought a potion of heal wounds for 80 gold pieces
 18498 | D:14     | Bought 2 potions of curing for 96 gold pieces
 18498 | D:14     | Bought a potion of heal wounds for 80 gold pieces
 18498 | D:14     | Bought a potion of curing for 48 gold pieces
 18498 | D:14     | Gained mutation: You are covered in fur. (AC +1) [potion of
                  | mutation]
 18499 | D:14     | Lost mutation: You are covered in fur. (AC +1) [potion of
                  | mutation]
 18499 | D:14     | Gained mutation: Your muscles are strong. (Str +4, Int/Dex
                  | -1) [potion of mutation]
 18499 | D:14     | Gained mutation: You have a pair of large horns on your
                  | head. [potion of mutation]
 18499 | D:14     | Gained mutation: You expend magic power (3 MP) to
                  | strengthen your wands. [potion of mutation]
 18808 | D:15     | Entered Level 15 of the Dungeon
 19420 | D:15     | Reached skill level 10 in Long Blades
 19735 | D:15     | Found a broken altar of Ashenzari.
 19741 | D:15     | Noticed a fire dragon
 19749 | D:15     | Killed a fire dragon
 19889 | D:15     | Identified Roxanne's Directory of Transmigration
 19889 | D:15     | Noticed Roxanne
 20173 | D:15     | HP: 5/103 [Roxanne/bolt of magma (56)]
 20189 | D:15     | Killed Roxanne
 20697 | D:15     | Found a staircase to the Depths.
 20697 | D:15     | Noticed a frost giant
 20705 | D:15     | Killed from afar by a frost giant

Illustrated notes

Levels and vault maps discovered:
D:1:      dpeg_arrival_rooms_with_view, layout_basic,
          ebering_dispersal_statue_hall, minmay_misc_feat_alley
D:2:      layout_basic, serial_shops, nicolae_shop_trees, shop, shop,
          nicolae_diamond_shop, nicolae_square_shop
D:3:      layout_loops_ring
D:4:      layout_loops_ring, minmay_mini_ossuary
D:5:      layout_rooms, minmay_temple_entry_statues_pillars,
          reono_crystal_passage, grunt_tough_drop
D:6:      layout_basic, st_stairs_7
D:7:      layout_gridville, nicolae_gozag_cash_rules_everything_around_me
D:8:      layout_layer_cave, nicolae_wu_jian_immortal_techniques,
          overflow_temple_1_default, mainiacjoe_overflow_divided_tiny,
          mainiacjoe_overflow_cross_hatched, serial_shops,
          nicolae_lakefront_shop, hangedman_abyss_or_decor_jellyfish_corner,
          nicolae_elevator_lobby_asterisk
D:9:      layout_basic, trog_book
D:10:     layout_loops_ring, erik_lair_dragon, serial_bayou_pond_a,
          nicolae_eternal_life
D:11:     dreamdust_cave_troll, layout_irregular_city, orc_0_dummy
D:12:     kennysheep_room_grid, layout_basic, nicolae_trove_entry_diagonal,
          dreamdust_wasp_nest
D:13:     layout_loops_corners, uniq_nessos
D:14:     layout_roguey, skrybe_vaults_entry_preservation,
          serial_co_window_serial, co_window_paths_b, co_window_paths_b,
          co_window_paths_a, co_window_of_opportunity_a, co_window_cross_1,
          co_window_cross_4, co_window_of_opportunity_b, co_window_corner_b,
          co_window_of_opportunity_c, co_window_2corner, co_window_corner_b,
          co_window_corner_b, co_window_paths_e, glass_columns_c,
          glass_columns_a, glass_columns_a, serial_shops, kennysheep_mini_moat
D:15:     grunt_enter_depths_snipers, layout_cave_pools, ashenzari_altar_1,
          uniq_roxanne
Temple:   bh_familiar_temple

Skill      XL: |  1  2  3  4  5  6  7  8  9 10 11 12 13 |
---------------+----------------------------------------+-----
Invocations    | 1 2 3 4 5 6 7 9 10 11 | 11.1
Dodging        | 3 4 5 6 7 8 9 10 11 | 11.6
Stealth        | 1 2 3 4 |  4.0
Evocations     | 1 2 3 4 5 6 7 8 |  8.5
Short Blades   | 3 |  3.7
Armour         | 1 2 3 4 5 6 7 |  7.8
Fighting       | 3 4 5 6 7 8 |  8.9
Long Blades    | 2 4 6 7 9 10 | 10.3
Throwing       | |  1.7

Action                   |  1- 3 |  4- 6 |  7- 9 | 10-12 | 13-15 || total
-------------------------+-------+-------+-------+-------+-------++-------
Melee: Rapier            |   139 |   142 |   141 |       |       ||   422
       Punch             |       |     1 |       |       |       ||     1
       Headbutt          |       |    19 |    56 |    77 |    36 ||   188
       Great sword       |       |       |   142 |   293 |   105 ||   540
Throw: Throwing net      |       |     1 |     1 |     2 |       ||     4
Invok: Stomp             |       |       |       |     5 |     6 ||    11
       Line Pass         |       |       |       |       |     1 ||     1
Evoke: Wand              |       |       |     4 |    22 |     3 ||    29
  Use: Scroll            |     6 |     1 |    20 |    11 |     2 ||    40
       Potion            |       |     2 |     4 |     6 |     6 ||    18
 Stab: Sleeping          |     5 |       |       |       |       ||     5
       Held in net/web   |       |     1 |     1 |       |       ||     2
       Paralysed         |       |       |     1 |    34 |    10 ||    45
       Distracted        |       |       |       |     1 |       ||     1
       Invisible         |       |       |       |       |     5 ||     5
Armor: Leather armour    |     4 |       |       |       |       ||     4
       Ring mail         |    58 |       |       |       |       ||    58
       Chain mail        |     1 |   122 |   273 |   286 |   127 ||   809
Dodge: Dodged            |    89 |    56 |   179 |   195 |   102 ||   621
Block: Other             |       |       |       |    66 |    29 ||    95
